 Dungeon Crawl Stone Soup version 0.31.0-11-ge490571c62 (webtiles) character file.

Game seed: 5753550331478815447

567 qw the Skirmisher (level 7, 0/40 HPs)
             Began as a Deep Elf Hunter on Feb 4, 2024.
             Was an Initiate of Okawaru.
             Slain by Pikel
             ... wielding a +0 whip of flaming
              (3 damage)
             ... on level 5 of the Dungeon.
             The game lasted 00:00:13 (3143 turns).

qw the Skirmisher (Deep Elf Hunter)                 Turns: 3143, Time: 00:00:13

Health: 0/40       AC:  7    Str: 10    XL:     7   Next: 11%
Magic:  8/10       EV: 12    Int: 14    God:    Okawaru [......]
Gold:   132        SH:  0    Dex: 18    Spells: 6/6 levels left

rFire   . . .        a - +0 shortbow (flame)
rCold   . . .        (shield currently unavailable)
rNeg    . . .        j - +0 scale mail
rPois   .            (no helmet)
rElec   .            (no cloak)
rCorr   .            (no gloves)
SInv    .            (no boots)
Will    .....        (no amulet)
Stlth   ++           (no ring)
HPRegen 0.26/turn    (no ring)
MPRegen 0.12/turn

%: no passive effects
@: about to teleport, heroic
A: no striking features
a: Renounce Religion


You were on level 5 of the Dungeon.
You worshipped Okawaru.
Okawaru was noncommittal.
You visited 2 branches of the dungeon, and saw 6 of its levels.

You collected 132 gold pieces.


   Skills:
 - Level 2.0(7.0) Fighting
 + Level 10.1(15.1) Ranged Weapons
 - Level 1.0(6.0) Armour
 - Level 3.6(8.6) Dodging
 - Level 1.2(6.2) Stealth
 - Level 1.9 Invocations


You had 6 spell levels left.
You didn't know any spells.
Your spell library was empty.

Inventory:

Hand Weapons
 a - a +0 shortbow of flaming (weapon)
Armour
 j - a +0 scale mail (worn)
Scrolls
 b - 2 scrolls of teleportation
Potions
 d - a potion of resistance
 g - 2 potions of curing
 h - a potion of lignification {unknown}
 i - a potion of cancellation
 k - a potion of enlightenment {unknown}

Dungeon Overview and Level Annotations

Branches:
Dungeon (5/15)             Temple (1/1) D:4

Altars:
Ashenzari
Cheibriados
Dithmenos
Fedhas
Gozag
Hepliaklqana
Makhleb
Okawaru
Uskayaw
Vehumet
Wu Jian
Yredelemnul
Zin
The Shining One

Shops:
D:4 (

Annotations:
D:5 Pikel


Message History

You shoot an arrow. The arrow hits the lemure.
The arrow burns the lemure.
The lemure is severely wounded.
The lemure closely misses you.
You shoot an arrow. The arrow barely misses the lemure.
The arrow closely misses Pikel.
The arrow closely misses the lemure.
The arrow hits the lemure.
The arrow burns the lemure.
The lemure is lightly wounded.
The lemure hits you.
Pikel says, "You'll burn in Gehenna!"
You shoot an arrow. The arrow closely misses the lemure.
The arrow barely misses Pikel.
The arrow barely misses the lemure.
The arrow hits the lemure.
The arrow burns the lemure.
The lemure is moderately wounded.
The lemure barely misses you.
You shoot an arrow. The arrow barely misses the lemure.
The arrow hits Pikel.
The arrow burns Pikel.
Pikel is moderately wounded.
The lemure barely misses you.
Pikel scowls and wipes his hands on his robe.
You shoot an arrow. The arrow closely misses the lemure.
The arrow barely misses Pikel.
The arrow hits the lemure.
The arrow burns the lemure.
The lemure is moderately wounded.
The lemure hits you!
3141 ||| INVOKING Heroism.
You gain the combat prowess of a mighty hero.
You can no longer gain great but temporary skills.
Pikel hits you with a +0 whip of flaming!
Pikel burns you.
3142 ||| READING 3 scrolls of teleportation.
As you read the scroll of teleportation, it crumbles to dust.
You feel strangely unstable. Pikel misses you.
You shoot an arrow. The arrow closely misses Pikel.
The arrow hits the lemure!
The arrow burns the lemure.
You kill the lemure!
That felt strangely unrewarding.
Pikel hits you with a +0 whip of flaming.
You die...
Pikel says, "See you in Hell!"

#.# #.# #.# #.# #.# #.#
#.# #.# #.# #.# #.# #.#
#.#####.####
.############...........
...55.K@.........##.####
################.##.#
### ########.##.# #..
.........##.#
#.#############.#
#.#.............#
##########
#.#.#############
.........# ###.#.#
########.# #.....#


You could see Pikel and 2 lemures.

Vanquished Creatures
  A black bear (D:4)
  An ogre (D:2)
  2 lemures (D:5)
  4 hounds
  A jelly (D:4)
  3 iguanas
  A sleepcap (D:4)
  2 adders
  3 gnolls (D:5)
  5 dart slugs
  4 orcs (D:3)
  6 bats
  5 endoplasms
  3 giant cockroaches
  3 goblins
  4 hobgoblins
  3 jackals (D:1)
  5 quokkas
  11 ball pythons
  4 frilled lizards (D:1)
  9 kobolds
  8 rats
  A spectral kobold (D:4)
89 creatures vanquished.

Notes
Turn   | Place    | Note
-------+----------+-------------------------------------------
     0 | D:1      | qw the Deep Elf Hunter began the quest for the Orb.
     0 | D:1      | Reached XP level 1. HP: 12/12 MP: 3/3
     0 | D:1      | 0 ||| qw: Version: 0.3-a-160-g6735b56
     0 | D:1      | 0 ||| qw: Game counter: 5195
     0 | D:1      | 0 ||| qw: Melee chars always use a shield: true
     0 | D:1      | 0 ||| qw: God list: Okawaru
     0 | D:1      | 0 ||| qw: Allow faded altars: false
     0 | D:1      | 0 ||| qw: Do Orc after clearing Dungeon:15 true
     0 | D:1      | 0 ||| qw: Do second Lair branch before Depths: true
     0 | D:1      | 0 ||| qw: Lair rune preference: random
     0 | D:1      | 0 ||| qw: Goals: Normal
     0 | D:1      | 0 ||| PLANNING D:1-11
   125 | D:1      | Reached skill level 6 in Ranged Weapons
   125 | D:1      | Reached XP level 2. HP: 16/16 MP: 4/4
   476 | D:1      | Reached XP level 3. HP: 20/20 MP: 5/5
   688 | D:1      | Found a faded altar of an unknown god.
   778 | D:1      | 778 ||| READING scroll labelled VAEP ULEAC.
   783 | D:1      | 783 ||| READING scroll labelled RONKUDGHUIS.
   783 | D:1      | 783 ||| BRANDING +0 shortbow.
   784 | D:1      | 784 ||| READING scroll labelled ESERUA BAFEESAPN.
   785 | D:1      | 785 ||| DRINKING 2 red potions.
   786 | D:1      | 786 ||| DROPPING scroll of butterflies.
   787 | D:1      | 787 ||| DROPPING potion of brilliance.
   976 | D:2      | Reached skill level 7 in Ranged Weapons
   998 | D:2      | Noticed an ogre
  1003 | D:2      | Killed an ogre
  1004 | D:2      | Reached skill level 8 in Ranged Weapons
  1004 | D:2      | Reached XP level 4. HP: 25/25 MP: 6/6
  1162 | D:2      | Reached XP level 5. HP: 29/29 MP: 7/7
  1579 | D:2      | 1579 ||| READING scroll labelled MIABLA WINEI.
  1680 | D:2      | 1680 ||| READING scroll labelled BEARUYBIEB.
  1680 | D:2      | 1680 ||| IDENTIFYING golden potion
  1699 | D:3      | Found the +3 warlock's mirror {omnireflect}
  1769 | D:3      | 1769 ||| FLEEEEING.
  1770 | D:3      | 1770 ||| FLEEEEING.
  1771 | D:3      | 1771 ||| FLEEEEING.
  1772 | D:3      | 1772 ||| FLEEEEING.
  1776 | D:3      | 1776 ||| FLEEEEING.
  1777 | D:3      | 1777 ||| FLEEEEING.
  1951 | D:3      | Found a blossoming altar of Fedhas.
  2032 | D:3      | Found an ornate altar of the Wu Jian Council.
  2104 | D:3      | 2104 ||| READING 2 scrolls of identify.
  2104 | D:3      | 2104 ||| IDENTIFYING pink potion
  2105 | D:3      | 2105 ||| READING scroll of identify.
  2105 | D:3      | 2105 ||| IDENTIFYING puce potion
  2106 | D:3      | 2106 ||| READING scroll labelled QIUZXA ZAIQYEW.
  2107 | D:3      | 2107 ||| DRINKING 3 glowing yellow potions.
  2108 | D:3      | 2108 ||| DROPPING potion of degeneration.
  2119 | D:4      | Found a staircase to the Ecumenical Temple.
  2120 | D:4      | 2120 ||| PLANNING TEMPLE
  2125 | Temple   | Entered the Ecumenical Temple
  2126 | Temple   | 2126 ||| PLANNING OKAWARU WORSHIP
  2136 | Temple   | Became a worshipper of Warmaster Okawaru
  2137 | Temple   | 2137 ||| PLANNING D:1-11
  2165 | D:4      | Reached skill level 9 in Ranged Weapons
  2187 | D:4      | Reached skill level 3 in Dodging
  2254 | D:4      | Reached XP level 6. HP: 23/35 MP: 8/8
  2472 | D:4      | Reached * piety under Okawaru
  2473 | D:4      | Reached skill level 10 in Ranged Weapons
  2508 | D:4      | Reached skill level 1 in Invocations
  2593 | D:4      | Found Plog's Antique Weapon Emporium.
  2597 | D:4      | 2597 ||| SHOPLISTING faintly glowing arbalest (228 gold,
                  | have 103).
  2761 | D:4      | Found a hazy altar of Hepliaklqana.
  2871 | D:4      | 2871 ||| UPGRADING to +0 scale mail.
  2881 | D:4      | 2881 ||| DROPPING +0 leather armour.
  2882 | D:4      | 2882 ||| READING scroll labelled VIR XO AZE.
  2883 | D:4      | 2883 ||| READING scroll labelled LAREISHUPU.
  2883 | D:4      | 2883 ||| ENCHANTING +0 shortbow of flaming.
  2893 | D:5      | Entered Level 5 of the Dungeon
  2915 | D:5      | Reached skill level 1 in Armour
  2915 | D:5      | Reached XP level 7. HP: 37/40 MP: 8/10
  3131 | D:5      | Noticed Pikel
  3141 | D:5      | 3141 ||| INVOKING Heroism.
  3141 | D:5      | HP: 6/40 [Pikel/+0 whip of flaming (9)]
  3142 | D:5      | 3142 ||| READING 3 scrolls of teleportation.
  3143 | D:5      | Slain by Pikel

Levels and vault maps discovered:
D:1:      mushboom_english_gardens, layout_basic,
          shapermc_ecumenical_altar_pompeii, minmay_three_crescents
D:2:      wander_river, layout_loops_corners, serial_bayou_lagoon_a
D:3:      layout_rooms, mainiacjoe_overflow_alcove_2, nzn_wu_jian_contemplation
D:4:      layout_basic, nicolae_hepliaklqana_monster_ancestors,
          minmay_temple_entry_statues_fountains, serial_shops, shop,
          nicolae_elevator_lobby_plus
D:5:      layout_loops_ring, led_xom_imps, marbit_many_paths, uniq_pikel
Temple:   jpeg_temple_clearing

Skill      XL: |  1  2  3  4  5  6 |
---------------+-------------------+-----
Ranged Weapons | 6 8 9 10 | 10.1
Dodging        | 3 |  3.6
Fighting       | 2 |  2.0
Invocations    | 1 |  1.9
Armour         | 1 |  1.0
Stealth        | |  1.2

Action                     |  1- 3 |  4- 6 |  7- 9 || total
---------------------------+-------+-------+-------++-------
   Fire: Shortbow          |    87 |   118 |    28 ||   233
 Invoke: Heroism           |       |       |     1 ||     1
    Use: Scroll            |     3 |     7 |     1 ||    11
         Potion            |     1 |     1 |       ||     2
 Armour: Leather armour    |    11 |    17 |       ||    28
         Scale mail        |       |     1 |    11 ||    12
  Dodge: Dodged            |    14 |    13 |     5 ||    32

Table legend:
 A = Non-vault XP
 B = Vault XP
 C = Vault XP percentage of total XP
 D = Non-vault monster count
 E = Vault monster count
 F = Vault count percentage of total count
                 A         B        C        D         E       F
            +---------+---------+-------+---------+---------+-------
      Total |     797 |      13 |   1.6 |      79 |       8 |   9.2
            +---------+---------+-------+---------+---------+-------
        D:1 |      45 |      10 |  18.2 |      26 |       6 |  18.8
        D:2 |     151 |       0 |   0.0 |      15 |       0 |   0.0
        D:3 |      40 |       0 |   0.0 |      15 |       0 |   0.0
        D:4 |     437 |       3 |   0.7 |      18 |       2 |  10.0
        D:5 |     124 |       0 |   0.0 |       5 |       0 |   0.0
            +---------+---------+-------+---------+---------+-------
